Map: 드림캐처 - 래더

Players

Solar

  • Race: Zerg Zerg
  • League: Platinum
  • Spawn Location: 11:00

lIIllllIIlll (INnoVation) - Winner!

  • Race: Terran Terran
  • League: Master
  • Spawn Location: 5:00

Event: HomeStory Cup XVIII

VOD

Have the link to the VOD?

Description

Time

  • Played on: Nov. 24, 2018, 8:51 a.m.
  • Length: 7:29

All games in this series

Show
View Real Time Build Order
Export as new Build Order

Solar Zerg 

Build Orders: Hatch First 

Get SALT Encoding   

  12  0:01  Drone  
  13  0:12  Overlord  
  13  0:17  Drone  
  14  0:30  Drone  
  14  0:31  Drone  
  16  0:47  Hatchery  
  15  0:51  Drone  
  15  0:55  Drone  
  17  0:58  Drone  
  18  1:06  Extractor  
  17  1:13  Spawning Pool  
  17  1:16  Drone  
  17  1:21  Drone  
  18  1:28  Drone  
  19  1:39  Drone  
  20  2:01  Queen  
  20  2:02  Queen  
  20  2:03  Zergling x4  
  26  2:09  Zergling x2  
  27  2:17  Zergling x2  
  27  2:43  Zergling x2  
  26  2:44  Zergling x2  
  26  2:47  Zergling x2  
  25  2:52  Zergling x2  
  25  2:54  Zergling x2  
  27  3:01  Zergling x2  
  28  3:08  Zergling x2  
  28  3:10  Zergling x2  
  28  3:18  Metabolic Boost  
  27  3:21  Zergling x2  
  27  3:27  Zergling x2  
  27  3:29  Zergling x2  
  27  3:31  Zergling x2  
  27  3:33  Overlord  
  26  3:35  Zergling x2  
  27  3:46  Overlord  
  27  3:49  Drone  
  27  3:51  Queen  
  27  3:54  Drone  
  27  3:55  Drone  
  33  4:02  Drone  
  33  4:04  Drone  
  34  4:15  Drone  
  35  4:18  Drone  
  35  4:24  Drone  
  35  4:31  Hatchery  
  35  4:33  Drone  
  35  4:35  Drone x2  
  35  4:36  Drone  
  39  4:39  Drone  
  40  4:46  Overlord  
  40  4:48  Queen  
  40  4:52  Drone  
  43  5:00  Drone  
  43  5:05  Drone x2, Roach Warren  
  44  5:08  Drone x2  
  44  5:11  Overlord  
  46  5:14  Drone  
  46  5:17  Zergling x2  
  46  5:18  Extractor  
  46  5:19  Extractor, Zergling x2  
  46  5:21  Zergling x2  
  48  5:25  Overlord  
  48  5:29  Overlord  
  48  5:34  Drone  
  44  5:43  Drone x3  
  44  5:48  Roach x3  
  53  5:52  Roach  
  53  5:56  Roach  
  57  5:57  Roach  
  57  6:00  Roach  
  57  6:03  Roach  
  62  6:08  Overlord  
  62  6:10  Overlord  
  62  6:11  Ravager  
  62  6:12  Ravager  
  62  6:17  Overlord  
  64  6:19  Overlord  
  64  6:27  Ravager, Zergling x6  
  64  6:30  Zergling x4  
  70  6:33  Zergling x2  
  70  6:37  Zergling x2  
  70  6:38  Zergling x4  
  74  6:41  Roach  
  74  6:43  Zergling x6  
  77  6:48  Zergling x2  
  77  6:50  Zergling x2  
  77  6:53  Zergling x2  
  77  6:54  Ravager  
  77  6:56  Zergling x2  
  77  6:58  Zergling x2  
  77  7:00  Zergling x2  
  77  7:05  Ravager x3, Zergling x2  
  77  7:06  Zergling x8  
  83  7:11  Zergling x4  
Show
View Real Time Build Order
Export as new Build Order

lIIllllIIlll Terran - Winner!

Build Orders:  

Get SALT Encoding   

  12  0:00  SCV  
  13  0:12  SCV  
  14  0:18  Supply Depot  
  14  0:24  SCV  
  15  0:40  Barracks  
  15  0:51  Barracks  
  15  0:54  SCV  
  16  1:01  Refinery  
  16  1:06  SCV  
  17  1:18  SCV  
  18  1:26  Marine  
  18  1:30  Orbital Command  
  19  1:37  Marine  
  19  1:38  Supply Depot  
  20  1:44  Marine  
  21  1:54  Bunker  
  21  1:55  Marine  
  21  2:01  SCV  
  23  2:02  Marine  
  23  2:06  Bunker  
  24  2:13  Marine  
  25  2:17  Bunker  
  25  2:20  Marine  
  26  2:25  SCV  
  26  2:26  Factory  
  27  2:33  Marine  
  28  2:37  SCV  
  28  2:38  Marine  
  28  2:49  SCV  
  28  2:54  Supply Depot, Marine  
  28  2:56  Marine  
  29  3:10  SCV  
  29  3:12  Factory Reactor, Marine  
  29  3:13  Marine  
  30  3:25  Command Center  
  27  3:40  SCV  
  24  3:49  Hellion  
  24  3:52  SCV  
  24  3:53  Starport  
  27  4:03  Hellion  
  27  4:06  SCV  
  30  4:11  Hellion  
  30  4:17  Refinery  
  30  4:20  SCV  
  31  4:25  Hellion  
  31  4:29  Medivac  
  35  4:32  Hellion, SCV  
  38  4:41  Command Center  
  38  4:44  SCV  
  39  4:56  Orbital Command  
  39  4:58  SCV  
  39  4:59  Viking  
  42  5:05  Hellion  
  44  5:07  Hellion  
  44  5:11  SCV  
  44  5:12  Barracks Tech Lab  
  44  5:13  Barracks Reactor  
  47  5:22  SCV  
  47  5:23  SCV  
  49  5:28  Supply Depot  
  49  5:29  Starport Tech Lab  
  49  5:41  SCV x2  
  49  5:44  Marine  
  49  5:46  Engineering Bay  
  49  5:49  Engineering Bay  
  50  5:52  Orbital Command  
  50  5:53  SCV x2  
  50  5:57  Marine x2  
  52  6:01  Starport Reactor  
  54  6:05  SCV x2  
  56  6:11  Supply Depot  
  56  6:17  SCV x2  
  58  6:20  Siege Tank  
  58  6:24  Bunker  
  61  6:26  Bunker  
  61  6:28  Marine x2  
  61  6:29  Marine  
  64  6:38  Bunker  
  64  6:46  Marine x2  
  64  6:47  Marine  
  62  6:54  Siege Tank  
  64  7:01  SCV  
  64  7:02  SCV x2  
  64  7:07  Marine x3  
  70  7:11  Refinery  
  70  7:12  Refinery  
  70  7:13  Supply Depot, SCV  
  70  7:14  SCV  
Tags
 
Add a new tag
Caveats
  • Supply blocks, unpowered buildings, or Contaminate may cause inaccurate times.
  • Supply counts are checked every 10 seconds.